Map: Polka LE

Players

exakt

  • Race: Protoss Protoss
  • Spawn Location: 5:00

tonkado

  • Race: Terran Terran
  • League: Platinum
  • Spawn Location: 5:00

qqq - Winner!

  • Race: Zerg Zerg
  • Spawn Location: 11:00

Massa - Winner!

  • Race: Terran Terran
  • League: Platinum
  • Spawn Location: 11:00

VOD

Have the link to the VOD?

Description

Time

  • Played on: Oct. 31, 2020, 10:17 a.m.
  • Length: 20:03
Show
View Real Time Build Order
Export as new Build Order

exakt Protoss 

Build Orders:  

Get SALT Encoding   

  12  0:00  Probe  
  13  0:13  Probe  
  14  0:23  Pylon  
  14  0:25  Probe  
  15  0:43  Gateway  
  15  0:49  Probe (Chrono Boost)  
  16  0:52  Assimilator  
  16  1:00  Probe (Chrono Boost)  
  17  1:14  Probe  
  18  1:56  Probe (Chrono Boost)  
  18  1:57  Cybernetics Core  
  18  1:58  Nexus  
  19  2:06  Probe (Chrono Boost)  
  20  2:11  Probe (Chrono Boost)  
  20  2:15  Assimilator  
  21  2:20  Pylon  
  21  2:23  Probe  
  22  2:35  Probe  
  22  2:45  Warp Gate  
  22  2:47  Probe  
  22  2:48  Pylon  
  23  3:01  Shield Battery  
  23  3:05  Pylon  
  23  3:06  Probe, Stalker  
  26  3:24  Robotics Facility  
  26  3:26  Probe (Chrono Boost)  
  28  3:28  Probe (Chrono Boost), Gateway  
  28  3:29  Gateway  
  28  3:34  Pylon  
  28  3:36  Pylon  
  28  3:39  Probe x2 (Chrono Boost)  
  30  3:47  Probe x2 (Chrono Boost)  
  32  3:52  Probe (Chrono Boost)  
  32  3:54  Probe, Twilight Council  
  34  4:04  Probe  
  34  4:06  Probe  
  36  4:12  Forge  
  36  4:16  Probe  
  37  4:17  Shield Battery  
  37  4:19  Probe  
  38  4:34  Stalker x3  
  44  4:39  Immortal (Chrono Boost)  
  48  4:52  Probe x2  
  48  4:56  Protoss Ground Weapons Level 1 (Chrono Boost)  
  48  5:04  Probe, Charge  
  49  5:12  Observer  
  50  5:31  Stalker x3  
  56  5:46  Immortal (Chrono Boost)  
  56  5:48  Pylon  
  60  5:52  Pylon  
  60  6:09  Gateway x2  
  60  6:12  Gateway  
  60  6:14  Gateway  
  60  6:16  Observer (Chrono Boost), Photon Cannon, Pylon  
  61  6:20  Probe x2  
  61  6:22  Pylon  
  61  6:24  Assimilator  
  63  6:28  Sentry x2  
  63  6:29  Assimilator, Stalker  
  63  6:32  Probe  
  70  6:33  Photon Cannon  
  70  6:37  Probe  
  71  6:44  Probe  
  72  6:49  Probe, Blink  
  72  6:53  Photon Cannon  
  77  6:54  Immortal  
  77  6:56  Probe, Pylon  
  78  7:02  Probe  
  79  7:09  Protoss Ground Weapons Level 2 (Chrono Boost)  
  79  7:15  Zealot  
  79  7:16  Zealot x2  
  85  7:46  Nexus  
  85  7:55  Robotics Bay  
  85  7:57  Robotics Facility  
  85  8:04  Zealot x6  
  85  8:05  Zealot  
  99  8:19  Probe x2  
  101  8:20  Pylon  
  101  8:24  Pylon  
  101  8:25  Assimilator  
  101  8:29  Assimilator  
  101  8:31  Probe x2  
  103  8:43  Probe (Chrono Boost), Photon Cannon  
  103  8:45  Probe (Chrono Boost), Photon Cannon  
  105  8:49  Photon Cannon  
  105  8:51  Shield Battery  
  105  8:55  Probe (Chrono Boost), Shield Battery  
  107  9:00  Probe (Chrono Boost)  
  107  9:01  Probe (Chrono Boost)  
  108  9:05  Stalker x3  
  108  9:06  Stalker  
  108  9:07  Probe  
  108  9:09  Probe  
  115  9:22  Probe x3  
  118  9:24  Stalker x2  
  118  9:28  Colossus (Chrono Boost)  
  122  9:34  Probe x2  
  130  9:41  Templar Archives  
  130  9:44  Protoss Ground Weapons Level 3 (Chrono Boost)  
  130  9:48  Probe  
  130  9:49  Probe  
  132  9:58  Observer  
  132  10:13  Pylon  
  132  10:18  Pylon  
  132  10:19  Gateway  
  132  10:23  Gateway  
  132  10:39  Colossus x2 (Chrono Boost), Extended Thermal Lance (Chrono Boost)  
  144  10:49  High Templar x4  
  152  10:50  High Templar x2  
  152  10:54  Archon x2  
  152  10:55  Archon  
  156  11:02  Pylon  
  156  11:03  Gateway  
  156  11:04  Pylon  
  156  11:06  Gateway  
  156  11:07  Pylon  
  156  11:22  Colossus x2 (Chrono Boost)  
  148  11:36  Zealot x2  
  148  11:37  Zealot x4  
  160  11:57  Pylon  
  160  11:58  Pylon  
  160  12:00  Photon Cannon  
  160  12:10  Observer x2 (Chrono Boost)  
  162  12:23  Observer (Chrono Boost)  
  162  12:24  Observer (Chrono Boost)  
  162  12:25  Protoss Ground Armor Level 1 (Chrono Boost)  
  164  12:39  Stargate  
  164  12:41  Stargate  
  164  12:42  Immortal x2  
  172  12:46  Stargate  
  172  12:57  Protoss Air Weapons Level 1  
  172  13:16  Stalker x5  
  172  13:17  Stalker x3  
  172  13:18  Stalker x2  
  172  13:19  Stalker  
  116  13:47  Zealot x5  
  116  13:48  Zealot x4  
  94  13:49  Zealot x2  
  84  14:01  Observer  
  65  14:03  Colossus (Chrono Boost)  
  65  14:04  Immortal (Chrono Boost)  
  75  14:11  High Templar x5  
  75  14:12  High Templar  
  75  14:15  Archon x2, Nexus  
  87  14:17  Archon, Stalker x3  
  87  14:18  Zealot x2  
  87  14:23  Pylon  
  97  14:39  Shield Battery  
  97  14:40  Zealot  
  97  14:41  Shield Battery, Zealot x4  
  97  14:43  Photon Cannon, Zealot x2  
  111  14:45  Photon Cannon  
  111  14:47  Pylon  
  111  15:04  Observer x2  
  113  15:08  Stalker x3  
  113  15:09  Zealot x2  
  123  15:16  Photon Cannon  
  115  15:22  Colossus (Chrono Boost)  
  115  15:25  Immortal (Chrono Boost)  
  115  15:27  Stalker x3  
  93  15:29  Stalker  
  73  15:45  Void Ray  
  59  15:59  Immortal (Chrono Boost)  
  59  16:03  High Templar x2  
  66  16:07  Archon  
  66  16:09  Observer  
  67  16:28  Zealot x3  
  47  17:29  Zealot x3  
  53  17:39  Zealot  
  42  18:11  Immortal  
  17  18:36  Zealot x3  
  17  18:37  Zealot  
  17  18:38  Stalker x4  
  17  18:39  Stalker  
  22  19:14  Probe  
Show
View Real Time Build Order
Export as new Build Order

tonkado Terran 

Build Orders: Reaper Expand 

Get SALT Encoding   

  12  0:00  SCV  
  13  0:13  SCV  
  14  0:25  SCV  
  15  0:31  Supply Depot  
  15  0:48  Refinery  
  15  0:53  SCV  
  16  0:58  Barracks  
  15  1:23  SCV  
  16  1:35  SCV  
  17  1:47  SCV  
  18  2:00  Supply Depot  
  18  2:01  Reaper  
  18  2:04  Orbital Command  
  18  2:08  Refinery  
  18  2:20  Command Center  
  18  2:34  Factory  
  18  2:46  Marine  
  19  2:52  Barracks  
  19  2:53  SCV  
  20  3:04  Marine  
  20  3:05  SCV  
  22  3:17  SCV  
  23  3:26  Supply Depot  
  22  3:29  Factory Tech Lab, SCV  
  22  3:32  Orbital Command  
  23  3:41  SCV, Barracks Tech Lab  
  23  3:47  Starport  
  24  3:53  SCV  
  25  3:56  Cyclone  
  25  4:00  Marine  
  25  4:02  SCV  
  30  4:05  SCV  
  31  4:11  Stimpack  
  31  4:14  SCV  
  31  4:15  Marine  
  18  4:51  Supply Depot  
  18  4:59  SCV x2  
  20  5:10  Starport Reactor  
  20  5:11  SCV x2  
  20  5:32  SCV x2  
  22  5:44  SCV x2  
  22  5:45  Supply Depot  
  22  5:47  Siege Tank  
  27  5:56  SCV  
  27  5:57  SCV  
  29  6:08  SCV  
  29  6:09  SCV  
  31  6:13  Bunker  
  31  6:21  SCV x2  
  33  6:33  SCV x2  
  35  6:40  Marine  
  35  6:45  SCV x2  
  38  6:55  Engineering Bay  
  38  6:57  SCV x2, Marine  
  38  7:01  Combat Shield  
  41  7:02  Marine  
  42  7:09  SCV x2  
  42  7:10  Refinery  
  42  7:13  Refinery  
  44  7:15  Marine  
  44  7:19  Marine, Siege Tank  
  44  7:21  SCV x2  
  51  7:27  Barracks  
  51  7:30  Barracks  
  51  7:33  SCV x2, Marine, Supply Depot  
  51  7:35  Missile Turret  
  54  7:39  Viking  
  56  7:44  Medivac  
  56  7:45  SCV x2  
  60  7:57  SCV, Missile Turret  
  60  7:58  SCV  
  62  8:01  Missile Turret  
  62  8:09  SCV  
  62  8:10  SCV  
  64  8:16  Command Center  
  64  8:19  Siege Tank  
  67  8:22  SCV x2, Marine  
  70  8:29  Marine x3  
  70  8:33  Supply Depot  
  70  8:34  SCV  
  74  8:40  Missile Turret  
  74  8:41  Viking  
  76  8:49  Barracks Tech Lab x2  
  76  8:51  Concussive Shells  
  76  8:58  SCV x2  
  76  9:10  SCV x2  
  77  9:22  SCV x2  
  79  9:34  SCV  
  79  9:37  Siege Tank  
  83  9:45  Missile Turret  
  83  9:48  Marauder x3, Marine  
  83  9:50  SCV  
  91  9:57  Engineering Bay  
  91  9:59  Terran Infantry Weapons Level 1  
  91  10:06  Marine  
  92  10:09  Marauder x2, Marine, Planetary Fortress, Siege Tank  
  100  10:24  Marine  
  101  10:31  Missile Turret  
  101  10:32  Missile Turret  
  101  10:41  Barracks x2  
  101  10:42  Barracks, Supply Depot  
  101  10:44  Supply Depot  
  101  10:53  Terran Infantry Armor Level 1  
  101  11:00  Missile Turret  
  101  11:01  Missile Turret  
  101  11:03  Liberator x2  
  101  11:04  SCV x2  
  109  11:05  SCV, Marine x2, Missile Turret  
  109  11:06  Refinery  
  109  11:07  Refinery  
  109  11:09  Marauder, Marine  
  115  11:16  SCV x2  
  117  11:22  Starport  
  117  11:26  SCV  
  117  11:28  Supply Depot  
  117  11:29  Supply Depot  
  117  11:30  Supply Depot x2  
  118  11:46  SCV x3  
  121  11:47  Missile Turret  
  121  11:53  Medivac x2  
  125  11:57  Barracks Reactor  
  125  11:58  Barracks Tech Lab, SCV x3  
  125  11:59  Barracks Tech Lab  
  125  12:00  Starport Reactor  
  128  12:10  SCV x3  
  128  12:13  Armory  
  131  12:20  Command Center  
  131  12:22  SCV  
  132  12:26  Liberator x2  
  138  12:30  Siege Tank  
  141  12:38  Armory  
  141  12:47  Liberator x2  
  147  13:09  Viking x2  
  151  13:30  Viking x2  
  128  14:06  Siege Tank  
  131  14:10  Viking  
  131  14:11  Liberator, Viking x2  
  140  14:28  Terran Infantry Weapons Level 2  
  140  14:29  Terran Infantry Armor Level 2  
  140  14:32  Terran Vehicle Weapons Level 1  
  140  14:38  Terran Vehicle And Ship Armor Level 1, Siege Tank  
  140  14:40  Liberator, Supply Depot  
  146  15:03  Barracks Tech Lab  
  146  15:05  Marauder x5  
  156  15:10  Siege Tank  
  156  15:11  Command Center  
  159  15:26  Marauder  
  140  15:43  Siege Tank  
  136  15:51  Marauder  
  136  15:52  Marauder x5, Marine x2  
  147  16:10  Marine x2  
  149  16:13  Marauder x3, Marine x2  
  149  16:15  Siege Tank  
  160  16:26  SCV x3  
  160  16:30  Missile Turret  
  160  16:31  Missile Turret  
  160  16:32  Missile Turret  
  163  16:38  SCV x3  
  169  16:47  Siege Tank  
  169  16:50  SCV x3  
  169  16:54  Missile Turret x2  
  172  16:55  Missile Turret  
  172  17:00  Planetary Fortress  
  172  17:02  SCV  
  132  18:15  Marauder x6, Marine  
  132  18:18  Liberator x3  
  132  18:19  Liberator  
  135  18:36  Marauder x3  
  136  19:01  Liberator x4  
  148  19:03  Marauder x3  
  148  19:06  Marauder, Marine  
  157  19:31  Command Center  
  157  19:37  Supply Depot  
  157  19:43  Supply Depot x2  
  157  19:45  Supply Depot  
Show
View Real Time Build Order
Export as new Build Order

qqq Zerg - Winner!

Build Orders: Hatch First, Lurkers 

Get SALT Encoding   

  12  0:01  Drone  
  13  0:08  Drone  
  14  0:39  Hatchery  
  13  0:43  Drone  
  14  1:06  Overlord  
  14  1:11  Spawning Pool  
  13  1:12  Drone  
  13  1:22  Drone, Extractor  
  13  1:24  Drone  
  14  1:30  Drone  
  15  1:51  Drone  
  16  1:59  Zergling x2  
  16  2:00  Drone  
  18  2:07  Drone  
  18  2:08  Queen  
  21  2:09  Queen  
  21  2:12  Drone  
  24  2:29  Drone x2  
  26  2:30  Drone x2  
  26  2:35  Overlord  
  28  2:48  Overlord  
  28  2:54  Metabolic Boost  
  28  2:59  Drone, Baneling Nest  
  28  3:01  Zergling x2  
  28  3:02  Zergling x2  
  28  3:05  Zergling x2  
  31  3:07  Zergling x2  
  32  3:24  Zergling x8  
  32  3:25  Drone x2  
  38  3:40  Drone, Zergling x2  
  38  3:41  Drone, Zergling x2  
  42  3:50  Zergling x2  
  42  3:55  Drone  
  44  4:01  Overlord  
  44  4:04  Overlord  
  44  4:07  Baneling x2  
  44  4:11  Overlord  
  44  4:20  Hatchery  
  44  4:21  Zergling x2  
  44  4:22  Drone  
  44  4:23  Drone, Zergling x4  
  48  4:26  Baneling x4  
  45  4:51  Zergling x8  
  45  4:52  Drone x4  
  46  4:59  Lair  
  44  5:06  Drone  
  45  5:11  Drone  
  45  5:12  Zergling x2  
  45  5:13  Zergling x2  
  48  5:26  Hatchery  
  48  5:27  Drone  
  48  5:29  Extractor  
  48  5:30  Extractor  
  46  5:40  Drone x2  
  46  5:41  Drone x3  
  51  5:57  Overlord x5  
  48  6:06  Drone x3  
  48  6:07  Queen  
  53  6:12  Drone x4  
  53  6:15  Extractor  
  56  6:20  Hydralisk Den  
  56  6:22  Drone x4  
  56  6:23  Drone x3  
  62  6:27  Infestation Pit  
  62  6:28  Drone  
  62  6:33  Spine Crawler  
  62  6:34  Spore Crawler  
  62  6:35  Drone, Spore Crawler  
  62  6:38  Drone x4  
  64  6:48  Drone x2  
  64  6:49  Drone, Evolution Chamber  
  64  6:50  Drone  
  64  6:51  Drone  
  64  6:52  Evolution Chamber  
  67  6:57  Muscular Augments  
  67  6:58  Hydralisk  
  69  7:08  Lurker Den  
  68  7:09  Drone x2, Hive  
  68  7:10  Drone  
  71  7:15  Baneling  
  71  7:16  Baneling x3, Hydralisk  
  71  7:20  Zerg Missile Weapons Level 1  
  71  7:22  Drone x3  
  76  7:38  Hydralisk x2, Spore Crawler  
  76  7:41  Hydralisk x2  
  76  7:43  Drone x3  
  76  7:44  Drone x2  
  88  7:46  Extractor  
  88  7:47  Extractor  
  88  7:48  Extractor  
  88  7:50  Extractor  
  84  8:02  Zerg Ground Armor Level 1  
  84  8:10  Drone x5  
  90  8:20  Drone  
  90  8:23  Lurker  
  90  8:24  Lurker  
  90  8:25  Zergling x6, Overlord x2  
  90  8:26  Overlord  
  95  8:27  Drone  
  95  8:28  Drone  
  97  8:34  Drone  
  97  8:35  Hatchery  
  97  8:39  Hatchery  
  97  8:40  Drone  
  97  8:41  Drone x4  
  101  8:45  Drone x2  
  101  8:46  Hydralisk x2  
  101  8:47  Hydralisk  
  109  8:48  Hydralisk  
  111  9:00  Lurker x2  
  113  9:05  Seismic Spines  
  113  9:08  Drone x3  
  113  9:09  Drone  
  117  9:10  Ultralisk Cavern, Hydralisk x3  
  117  9:15  Zerg Melee Weapons Level 1  
  122  9:17  Drone x2  
  124  9:35  Drone  
  124  9:36  Hydralisk x5  
  135  9:39  Lurker x3  
  135  9:40  Lurker  
  139  9:54  Hydralisk x3  
  139  9:55  Drone x2  
  139  9:56  Drone  
  139  9:57  Zergling x6, Overlord x2  
  139  9:58  Overlord x3  
  151  10:16  Ultralisk  
  151  10:17  Ultralisk  
  151  10:19  Anabolic Synthesis  
  163  10:28  Drone x3  
  166  10:30  Spine Crawler  
  166  10:34  Drone x3  
  166  10:35  Queen  
  167  10:48  Lurker x3  
  167  10:49  Zergling x2, Lurker x3  
  175  10:50  Zergling x16  
  175  10:51  Zergling x8  
  175  10:52  Drone x3  
  189  11:01  Chitinous Plating  
  189  11:13  Baneling x4  
  189  11:14  Baneling x6  
  189  11:15  Baneling x4  
  189  11:19  Centrifical Hooks  
  189  11:21  Drone x5  
  189  11:23  Zergling x2  
  189  11:24  Overlord x4  
  189  11:25  Overlord  
  187  11:37  Zergling x6, Ultralisk  
  187  11:38  Zergling x2  
  195  11:49  Spine Crawler  
  195  11:50  Spine Crawler  
  195  11:52  Spine Crawler  
  195  11:53  Spine Crawler x2  
  190  11:58  Drone x3, Spore Crawler  
  190  11:59  Spine Crawler  
  197  12:01  Ultralisk  
  197  12:08  Zerg Ground Armor Level 2, Zerg Melee Weapons Level 2  
  197  12:11  Adrenal Glands  
  197  12:19  Extractor  
  197  12:21  Extractor  
  197  12:22  Drone x2, Extractor  
  196  12:23  Extractor  
  195  12:37  Adaptive Talons  
  195  12:51  Drone x2  
  195  12:52  Drone  
  195  12:53  Zergling x2  
  126  13:44  Ultralisk x4  
  126  13:45  Ultralisk x8  
  194  13:55  Drone x6  
  200  13:57  Spire  
  200  13:58  Zergling x2  
  200  14:23  Zerg Missile Weapons Level 2  
  200  14:31  Spore Crawler  
  200  14:32  Spine Crawler  
  200  14:33  Spine Crawler, Overlord  
  197  14:44  Spine Crawler  
  195  14:45  Spore Crawler  
  195  14:46  Spine Crawler, Spore Crawler  
  195  15:00  Ultralisk x2  
  195  15:02  Spine Crawler, Hydralisk x2  
  195  15:03  Hydralisk  
  199  15:26  Ultralisk x2  
  193  15:37  Ultralisk  
  196  16:03  Corruptor x3  
  196  16:04  Corruptor x2  
  200  16:43  Ultralisk  
  200  16:46  Zerg Flyer Weapons Level 1  
  198  16:47  Zerg Melee Weapons Level 3  
  198  16:48  Zerg Missile Weapons Level 3  
  198  16:58  Spine Crawler  
  195  17:09  Mutalisk x2  
  195  17:11  Zergling x2  
  200  17:42  Spine Crawler  
  184  18:02  Ultralisk x4  
  184  18:03  Ultralisk  
  147  18:29  Ultralisk x4  
  147  18:30  Ultralisk x5  
  195  18:47  Drone x3  
  180  18:56  Ultralisk x2  
  180  18:57  Hatchery, Zergling x4, Ultralisk  
  180  18:58  Zergling x2  
  200  19:05  Hatchery  
  199  19:15  Hatchery  
  198  19:18  Drone x2  
  197  19:42  Hatchery  
  193  19:46  Spine Crawler  
  193  19:47  Spine Crawler  
Show
View Real Time Build Order
Export as new Build Order

Massa Terran - Winner!

Build Orders: 2 Factory, Gas First Reaper Expand 

Get SALT Encoding   

  12  0:00  SCV  
  13  0:12  SCV  
  14  0:18  Refinery  
  14  0:27  Supply Depot  
  14  0:29  SCV  
  15  0:49  SCV  
  16  0:51  Barracks  
  16  1:01  SCV  
  17  1:22  SCV  
  18  1:34  SCV  
  19  1:58  Supply Depot  
  19  2:01  Reaper, Factory  
  20  2:10  SCV, Command Center  
  21  2:34  Marine  
  22  2:42  SCV  
  23  2:53  Barracks Reactor  
  23  2:54  SCV  
  24  3:02  Hellion  
  26  3:07  Orbital Command  
  26  3:19  Factory  
  26  3:23  Hellion  
  26  3:26  Orbital Command  
  28  3:43  SCV  
  28  3:44  Hellion  
  31  3:53  SCV  
  31  3:55  SCV, Marine x2  
  35  4:05  SCV  
  35  4:06  Widow Mine  
  35  4:07  SCV  
  39  4:11  Supply Depot  
  39  4:12  Refinery, Engineering Bay  
  39  4:13  Marine  
  40  4:19  SCV  
  35  4:48  Hellion  
  35  4:51  SCV x2  
  39  4:58  Command Center  
  39  4:59  Starport  
  39  5:02  Marine x2  
  39  5:03  SCV x2  
  39  5:04  Factory Tech Lab  
  43  5:07  Barracks  
  43  5:10  Hellion  
  45  5:15  SCV  
  45  5:18  Armory  
  45  5:20  Marine x2  
  48  5:27  SCV x2  
  48  5:35  Missile Turret  
  50  5:39  SCV x2  
  46  5:44  Siege Tank  
  46  5:45  Marine x2  
  51  5:51  SCV x2  
  53  5:58  Refinery  
  53  5:59  Barracks Tech Lab  
  53  6:03  Marine  
  54  6:05  Barracks  
  54  6:06  Barracks  
  54  6:09  Marine  
  55  6:13  Orbital Command  
  55  6:14  Supply Depot x2  
  55  6:15  Supply Depot  
  55  6:16  Liberator, Siege Tank  
  55  6:17  Supply Depot  
  61  6:21  Missile Turret  
  61  6:29  Refinery  
  61  6:35  SCV x2  
  63  6:41  SCV  
  63  6:45  Stimpack  
  63  6:47  SCV x2  
  65  6:49  Marine x2  
  65  6:53  SCV, Marauder  
  71  6:59  SCV x2  
  73  7:05  Sensor Tower  
  73  7:07  Marine x2  
  75  7:09  Barracks Reactor, Barracks  
  75  7:14  Marauder  
  77  7:18  Medivac  
  79  7:27  Orbital Command  
  79  7:35  Marine x2  
  79  7:36  Marauder  
  83  7:38  Siege Tank  
  86  7:44  SCV  
  86  7:45  SCV  
  86  7:48  Medivac  
  90  7:53  Marine x2  
  90  7:56  SCV  
  90  7:57  SCV, Marauder  
  96  7:58  Factory Tech Lab  
  96  8:02  Barracks Tech Lab  
  96  8:03  Marine  
  96  8:04  Marine  
  98  8:08  SCV  
  98  8:09  SCV  
  98  8:11  Marine x2  
  101  8:24  Starport Reactor  
  101  8:25  Combat Shield  
  101  8:26  Terran Infantry Armor Level 1  
  101  8:30  Engineering Bay  
  101  8:31  Barracks Reactor  
  101  8:45  Supply Depot  
  101  8:46  Supply Depot, Terran Vehicle Weapons Level 1  
  101  8:47  Supply Depot  
  101  8:49  Supply Depot  
  101  8:50  Supply Depot x3  
  101  9:06  Marine x3  
  101  9:07  SCV x3, Marauder, Marine  
  110  9:10  Supply Depot  
  110  9:11  Supply Depot  
  110  9:12  Supply Depot  
  110  9:13  Supply Depot  
  110  9:19  SCV x3  
  101  9:24  Marine  
  101  9:25  Marine  
  101  9:28  Marauder  
  101  9:30  Marauder  
  101  9:31  SCV x3, Marine x3  
  109  9:32  Marine  
  109  9:38  Command Center  
  113  9:42  Marine  
  113  9:43  SCV x2, Marine  
  113  9:45  Siege Tank x2  
  123  9:49  Refinery, Marine  
  123  9:50  Marauder  
  123  9:52  Refinery, Marauder, Missile Turret  
  128  9:54  Marine x3  
  131  10:00  Marine, Medivac  
  131  10:01  Medivac  
  131  10:03  Terran Infantry Weapons Level 1  
  136  10:11  Marauder  
  136  10:13  Marauder  
  140  10:17  Siege Tank  
  140  10:18  Marine x5  
  140  10:19  Marine  
  149  10:22  Siege Tank  
  152  10:30  Medivac  
  152  10:31  Medivac  
  152  10:32  Marauder  
  152  10:35  Marauder  
  160  10:36  Marine x4  
  164  10:49  Terran Infantry Armor Level 2, Siege Tank  
  167  10:51  Terran Vehicle And Ship Armor Level 1  
  167  10:52  Command Center  
  167  10:54  Marauder  
  167  10:56  Marauder  
  171  10:58  SCV x3  
  174  11:10  SCV x3  
  177  11:19  Viking  
  177  11:20  Viking  
  177  11:22  SCV x3  
  184  11:30  Orbital Command  
  184  11:34  SCV x3  
  187  11:46  SCV  
  188  11:49  Viking, Missile Turret  
  188  11:50  Viking  
  192  12:07  Marauder x2, Marine x4  
  200  12:10  Concussive Shells, Missile Turret  
  200  12:14  Terran Infantry Weapons Level 2  
  199  12:33  Missile Turret  
  199  12:43  Armory  
  199  12:45  Terran Vehicle Weapons Level 2  
  199  12:57  Missile Turret  
  199  13:11  Missile Turret  
  199  13:13  Missile Turret  
  199  13:15  Missile Turret x2  
  174  13:42  Marauder x2, Marine  
  174  13:43  Marine x5  
  139  14:00  Marine  
  139  14:01  Marine x5  
  139  14:03  Marauder  
  139  14:04  Marauder  
  139  14:09  Thor  
  143  14:10  Thor  
  143  14:16  Orbital Command  
  155  14:18  Marine x6  
  161  14:25  Marauder x2  
  161  14:31  Command Center  
  165  14:36  Marine x6  
  171  14:44  Barracks  
  171  14:45  Barracks x2  
  171  14:46  Marauder x2  
  171  14:47  Medivac x2  
  171  14:48  Barracks  
  171  14:52  Thor x2  
  179  14:53  Marine  
  179  14:54  Marine x5  
  197  15:07  Marauder  
  198  15:29  Marauder  
  177  15:50  Marauder  
  179  16:02  Viking x2  
  175  16:32  Viking x2  
  143  17:08  Viking x2  
  143  17:10  Marauder x2  
  143  17:11  Barracks Tech Lab  
  143  17:12  Barracks Reactor x2, Barracks Tech Lab  
  143  17:13  Marine x6  
  157  17:17  Planetary Fortress  
  157  17:30  Marine  
  157  17:31  Marine x5  
  157  17:32  Marauder x2  
  167  17:38  Viking x2  
  171  17:46  Refinery  
  171  17:48  Marine  
  171  17:49  Marine  
  171  17:51  Refinery  
  173  17:53  Marauder x2  
  177  18:04  Marauder x2  
  177  18:05  Marine x8  
  182  18:06  Marine  
  182  18:07  Marine  
  191  18:14  Marauder x2  
  195  18:23  Marine x5  
  194  18:36  Marauder x2  
  194  18:40  Siege Tank x2  
  178  18:57  Marauder x2  
  178  19:01  Medivac  
  178  19:02  Medivac  
  166  19:03  Marauder  
  166  19:04  Marauder, Marine x10  
  180  19:12  Refinery, Siege Tank x2  
  180  19:15  Refinery  
  186  19:19  Marauder x2  
  186  19:21  Marine  
  186  19:22  Marine x2  
  193  19:25  Marauder x2  
  197  19:31  Medivac  
  199  19:44  Refinery  
  198  19:52  Command Center  
  198  19:57  Refinery  
Tags
 
Add a new tag
Caveats
  • Supply blocks, unpowered buildings, or Contaminate may cause inaccurate times.
  • Supply counts are checked every 10 seconds.